 Dungeon Crawl Stone Soup version 0.28.0-1-gb440e238dd (webtiles) character file.

Game seed: 1912133659455873613

1389 Sanktem7 the Fighter (level 8, -4/75 HPs)
             Began as a Minotaur Fighter on Feb 26, 2022.
             Killed from afar by Maurice (35 damage)
             ... with a bolt of acid
             ... on level 8 of the Dungeon.
             The game lasted 00:09:29 (6033 turns).

Sanktem7 the Fighter (Minotaur Fighter)             Turns: 6033, Time: 00:09:30

Health: -4/75      AC: 18    Str: 22    XL:     8   Next: 40%
Magic:  7/7        EV:  9    Int:  5    God:
Gold:   0          SH:  4    Dex: 11    Spells: 7/7 levels left

rFire   x . .      SeeInvis .   t - +2 mace (pain) {mace}
rCold   + + .      Faith    .   c - +0 buckler
rNeg    . . .      Spirit   .   x - +0 ice dragon scales
rPois   .          Reflect  .   (helmet restricted)
rElec   .          Harm     .   k - +0 cloak
rCorr   .          Rampage  .   m - +0 pair of gloves
Will    .....                   (no boots)
Stlth   ..........              (no amulet)
HPRegen 0.22/turn               v - +4 ring of protection
MPRegen 0.10/turn               (no ring)

@: no status effects
A: horns 2, retaliatory headbutt
a: no special abilities


You were on level 8 of the Dungeon.
You visited 1 branch of the dungeon, and saw 7 of its levels.


Innate Abilities, Weirdness & Mutations

You have a pair of horns on your head.
You reflexively headbutt those who attack you in melee.


   Skills:
 * Level 8.3 Fighting
 * Level 7.8(8.2) Axes
 + Level 3.7(6.2) Maces & Flails
 + Level 6.2 Armour
 - Level 3.6 Shields


You had 7 spell levels left.
You didn't know any spells.
Your spell library contained the following spells:

 Spells                   Type           Power      Damage    Failure   Level
 Animate Skeleton         Necr           0%         N/A       90%         1
 Apportation              Tloc           0%         N/A       90%         1
 Summon Small Mammal      Summ           0%         N/A       90%         1
 Summon Forest            Summ/Tloc      0%         N/A       100%        5
 Eringya's Noxious Bog    Tmut/Pois      0%         N/A       100%        6
 Summon Hydra             Summ           0%         N/A       100%        7

Inventory:

Hand Weapons
 a - a +0 war axe {axe}
 t - a +2 mace of pain (weapon) {mace}
   (You took it off an orc on level 3 of the Dungeon)
 y - the +6 dagger of Propriety {vamp, *Noise +Blink rPois Will+, short}
   (You found it on level 4 of the Dungeon)

   It occasionally heals its wielder for a portion of the damage dealt when it
   wounds a living foe.
   rPois:     It protects you from poison.
   +Blink:    It lets you blink.
   *Noise:    It may make noises in combat.
   Will:      It increases your willpower.
Missiles
 b - 53 arrows
 g - 95 stones (quivered) {throwing}
 j - a boomerang of dispersal {=f!fthrowing}
 l - 2 boomerangs {throwing}
 F - a throwing net {=f!fthrowing}
Armour
 c - a +0 buckler (worn)
 k - a +0 cloak (worn)
   (You found it on level 2 of the Dungeon)
 m - a +0 pair of gloves (worn)
   (You found it on level 2 of the Dungeon)
 x - +0 ice dragon scales (worn)
   (You found it on level 4 of the Dungeon)
Jewellery
 o - an amulet of magic regeneration {@e2}
   (You found it on level 4 of the Dungeon)
 v - a +4 ring of protection (left hand)
   (You found it on level 4 of the Dungeon)
Wands
 w - a wand of charming (4)
   (You found it on level 3 of the Dungeon)
Scrolls
 e - 2 scrolls of vulnerability {unknown}
 h - 6 scrolls of identify {unknown}
 z - 3 scrolls of teleportation {unknown}
 B - a scroll of amnesia {unknown}
 C - a scroll of silence {unknown}
 E - a scroll of torment {unknown}
 G - a scroll of fear {unknown}
Potions
 d - a potion of might
 f - 2 potions of heal wounds {unknown}
 i - a potion of degeneration {unknown}
 p - 2 potions of mutation {unknown}
 q - a potion of lignification {unknown}
 r - a potion of berserk rage {unknown}
 s - 2 potions of brilliance
 u - a potion of ambrosia {unknown}
 D - a potion of curing {unknown}

Dungeon Overview and Level Annotations

Branches:
Dungeon (6/15)
 Temple: D:4-7

Altars:

Shops:
D:8 !

Annotations:
D:8 Maurice

..##.##..........#
#.......####.....#
..##.....# #.....#
########.# #######
#.# ## #.#########
.# #.#.......# .#
#.#.#####.# .#
#.#.#####@# .#####
#......##{g#
###..#
###.##..gg##
#∩'..# #.# ##gg
####.# #.. ..# #
#.# #### ###
####.####
#.......#
#.##.##.#


You could see 5 gnolls.


Message History

You now have 0 gold pieces. 😕 HP[-4]
You take 4 damage, and now have 58/74 hp.
You barely miss something. Something hits you but does no damage.
You hit something. Your headbutt misses something. You hit something.
Your headbutt misses something.
Something hits you but does no damage. 😕 HP[+1]
You sock something! You headbutt something!
You hear some strange, mumbled words.
You hit something. Something hits you but does no damage.
You hear some strange, mumbled words. 2 gnolls come into view.
The gnoll shouts!
You hear a shout! x2
The gnoll moves out of view.
You hear a shout!
A gnoll sergeant comes into view. It is wielding a +1 vorpal trident.
Unknown command. 😕 HP[+1]
The gnoll sergeant hits you but does no damage.
The gnoll hits you but does no damage. x2
You hit the gnoll sergeant. The gnoll sergeant barely misses you.
The gnoll misses you.
The gnoll hits you from afar with a +0 spear. 😕 HP[-2]
You take 2 damage, and now have 58/74 hp.
You sock the gnoll sergeant! You headbutt the gnoll sergeant!
You block the gnoll sergeant's attack. The gnoll hits you but does no damage.
The gnoll closely misses you. The gnoll sergeant closely misses you.
You furiously retaliate!
You headbutt the gnoll sergeant. You hit the gnoll sergeant.
Your headbutt misses the gnoll sergeant.
The gnoll hits you but does no damage.
The gnoll sergeant hits you with a +1 vorpal trident! 😮 HP[-12]
You take 12 damage, and now have 46/74 hp.
You hit the gnoll sergeant but do no damage.
Your headbutt misses the gnoll sergeant.
The gnoll barely misses you. The gnoll hits you but does no damage.
The gnoll sergeant hits you with a +1 vorpal trident!
* * * LOW HITPOINT WARNING * * *
A gnoll comes into view. It is wielding a +0 spear.
The gnoll shouts!
You hit the gnoll sergeant but do no damage.
Your headbutt misses the gnoll sergeant.
You hear a shout! x2
The gnoll barely misses you. x2
The gnoll sergeant hits you but does no damage.
The gnoll closely misses you. You block the gnoll's attack. 😨 HP[-9]
You take 9 damage, and now have 37/74 hp.
You barely miss the gnoll sergeant.
Maurice appears from thin air!
Reactivating autopickup.
The gnoll sergeant barely misses you.
A gnoll comes into view. It is wielding a +0 spear.
You block the gnoll's attack. The gnoll hits you but does no damage.
You sock the gnoll sergeant!
You kill the gnoll sergeant!
The gnoll hits you but does no damage. The gnoll closely misses you.
Maurice unwields a +0 dagger.
Maurice drops a +0 dagger.
Maurice picks up a +1 vorpal trident.
Maurice wields a +1 vorpal trident.
Maurice picks up a +0 buckler.
Maurice wears a +0 buckler. 😮 HP[+1]
You now have 75 max hp (+1).
You hit Maurice but do no damage.
A gnoll comes into view. It is wielding a +2 vorpal flail.
The gnoll barely misses you. You block the gnoll's attack. x2
You miss Maurice. Your headbutt misses Maurice.
The gnoll hits you but does no damage. x2
The gnoll hits you from afar with a +0 spear.
Maurice hits you but does no damage.
You barely miss Maurice.
The gnoll hits you but does no damage. x2
The gnoll closely misses you. Maurice hits you but does no damage.
You hit Maurice but do no damage. The gnoll closely misses you.
The gnoll barely misses you. You furiously retaliate!
You headbutt the gnoll. The gnoll hits you but does no damage.
Maurice casts a spell.
Maurice flickers and vanishes!
Deactivating autopickup; reactivate with Ctrl-A.
The gnoll hits you but does no damage. You block the gnoll's attack.
The gnoll hits you from afar with a +0 spear.
* * * LOW HITPOINT WARNING * * *
You miss something.
Something picks up a green potion.
You block the gnoll's attack. The gnoll hits you with a +0 whip.
* * * LOW HITPOINT WARNING * * *
You block the gnoll's attack. Something hits you.
* * * LOW HITPOINT WARNING * * *
Something steals your wand of acid (17)!
* * * LOW HITPOINT WARNING * * *
You hit something. The gnoll barely misses you. x2
The gnoll hits you but does no damage.
Something hits you but does no damage. 😨 HP[-7]
You take 7 damage, and now have 31/75 hp.
You closely miss something. Your headbutt misses something.
The gnoll misses you. The gnoll barely misses you.
The gnoll hits you but does no damage.
You hear a zap.
A bolt of acid appears from out of thin air!
The bolt of acid hits you!!
You die...

Skill      XL: |  1  2  3  4  5  6  7  8 |
---------------+-------------------------+-----
Fighting       | 4 5 6 7 8 |  8.3
Axes           | 3 4 5 6 7 |  7.8
Armour         | 4 5 6 |  6.2
Maces & Flails | 1 3 |  3.7
Shields        | |  3.6

Action                   |  1- 3 |  4- 6 |  7- 9 || total
-------------------------+-------+-------+-------++-------
Melee: War axe           |    66 |    94 |       ||   160
       Headbutt          |     6 |    33 |    20 ||    59
       Mace              |       |    78 |   134 ||   212
Armor: Scale mail        |    34 |    61 |       ||    95
       Ice dragon scales |       |    63 |    91 ||   154
Dodge: Dodged            |    37 |    94 |    73 ||   204
Block: Buckler           |    15 |    51 |    25 ||    91

Levels and vault maps discovered:
D:1:      dpeg_arrival_boxes_within_box, layout_rooms, serial_curves,
          eino_curves_04, eino_curves_01, eino_curves_02,
          grunt_decor_mini_mirrors
D:2:      layout_loops_ring, basic_ecumenical_altar
D:3:      wander_river, layout_loops_corners, serial_bayou_lagoon_b,
          uniq_sigmund, uniq_robin, uniq_jessica
D:4:      layout_basic, chequers_serial_rivers_micro_d,
          kennysheep_generic_room_12
D:5:      layout_rooms, serial_glass, glass_columns_c, glass_columns_a,
          hex_large, hangedman_abyss_or_decor_passed, nicolae_underground_beach
D:6:      layout_basic
D:8:      layout_loops_cross, serial_shops, nicolae_shop_window_shopping,
          uniq_maurice

Notes
Turn   | Place    | Note
-------+----------+-------------------------------------------
     0 | D:1      | Sanktem7 the Minotaur Fighter began the quest for the Orb.
     0 | D:1      | Reached XP level 1. HP: 19/19 MP: 0/0
     0 | D:1      | magus.rc [v1.9.6]
   129 | D:1      | Reached XP level 2. HP: 23/27 MP: 1/1
   179 | D:1      | Reached skill level 4 in Fighting
   211 | D:1      | Reached skill level 3 in Axes
   364 | D:1      | You pick up a book of Cantrips and begin reading...
   364 | D:1      | You add the spells Animate Skeleton, Summon Small Mammal
                  | and Apportation to your library.
   601 | D:1      | Reached XP level 3. HP: 31/33 MP: 2/2
   724 | D:2      | Reached skill level 4 in Armour
   773 | D:2      | Found a faded altar of an unknown god.
  1053 | D:2      | Reached XP level 4. HP: 41/41 MP: 3/3
  1412 | D:3      | Reached skill level 4 in Axes
  1436 | D:3      | You add the spells Summon Forest, Eringya's Noxious Bog and
                  | Summon Hydra to your library.
  1803 | D:3      | Noticed Jessica
  1808 | D:3      | Killed Jessica
  1809 | D:3      | Reached skill level 5 in Fighting
  1932 | D:3      | Reached XP level 5. HP: 48/48 MP: 4/4
  1980 | D:3      | Noticed Robin
  1991 | D:3      | Killed Robin
  2155 | D:3      | Noticed Sigmund
  2172 | D:3      | Killed Sigmund
  2173 | D:3      | Reached skill level 6 in Fighting
  2173 | D:3      | Reached skill level 5 in Axes
  2173 | D:3      | Reached XP level 6. HP: 20/57 MP: 5/5
  2769 | D:4      | Reached skill level 5 in Armour
  3334 | D:4      | Identified the +6 dagger of Propriety {vamp, *Noise +Blink
                  | rPois Will+}
  3648 | D:5      | Entered Level 5 of the Dungeon
  3665 | D:5      | HP: 9/51 [orc priest/divine providence (13)]
  3665 | D:5      | HP: 4/51 [something (4)]
  3672 | D:5      | HP: 1/48 [orc priest (4)]
  3677 | D:4      | Reached skill level 1 in Maces & Flails
  4091 | D:5      | Reached skill level 6 in Axes
  4091 | D:5      | Reached XP level 7. HP: 17/61 MP: 6/6
  4092 | D:5      | HP: 12/61 [iguana (5)]
  4583 | D:5      | Reached skill level 2 in Maces & Flails
  4589 | D:5      | Reached skill level 7 in Fighting
  5191 | D:6      | You fall into a shaft and drop 2 floors!
  5200 | D:8      | Reached skill level 7 in Axes
  5208 | D:8      | Reached skill level 3 in Maces & Flails
  5208 | D:8      | Reached XP level 8. HP: 33/74 MP: 7/7
  5413 | D:8      | Reached skill level 6 in Armour
  5582 | D:8      | Found Boshaoc's Distillery.
  5681 | D:8      | Reached skill level 8 in Fighting
  5995 | D:8      | Noticed Maurice
  6033 | D:8      | Killed from afar by Maurice

Vanquished Creatures
  Sigmund (D:3)
  2 orc warriors (D:8)
  2 ice beasts
  A centaur (D:5)
  A bullfrog (D:8)
  A gnoll sergeant (D:8)
  A bullfrog zombie (D:5)
  A centaur zombie (D:8)
  2 hounds (D:5)
  2 orc priests
  Jessica (D:3)
  6 iguanas
  2 orc wizards
  Robin (D:3)
  3 gnolls (D:5)
  6 adders
  A shadow imp (D:5)
  A worm (D:3)
  A dart slug (D:1)
  26 orcs
  5 ball pythons
  5 endoplasms
  4 giant cockroaches
  19 goblins
  9 hobgoblins
  7 jackals
  12 kobolds
  3 quokkas
  7 bats
  3 frilled lizards
  5 rats
141 creatures vanquished.

Vanquished Creatures (others)
  3 plants (D:3)
3 creatures vanquished.

Grand Total: 144 creatures vanquished

Table legend:
 A = Non-vault XP
 B = Vault XP
 C = Vault XP percentage of total XP
 D = Non-vault monster count
 E = Vault monster count
 F = Vault count percentage of total count
                 A         B        C        D         E       F
            +---------+---------+-------+---------+---------+-------
      Total |    1708 |     277 |  14.0 |     126 |      15 |  10.6
            +---------+---------+-------+---------+---------+-------
        D:1 |      41 |       0 |   0.0 |      24 |       0 |   0.0
        D:2 |      79 |       0 |   0.0 |      26 |       0 |   0.0
        D:3 |      53 |     275 |  83.8 |      19 |      14 |  42.4
        D:4 |     221 |       2 |   0.9 |      23 |       1 |   4.2
        D:5 |     420 |       0 |   0.0 |      15 |       0 |   0.0
        D:6 |     168 |       0 |   0.0 |       2 |       0 |   0.0
        D:8 |     726 |       0 |   0.0 |      17 |       0 |   0.0
            +---------+---------+-------+---------+---------+-------

Illustrated notes

Table legend:
 A = Kills in this place as a percentage of kills in entire the game.
 B = Kills by you in this place as a percentage of kills by you in the entire game.
 C = Kills by friends in this place as a percentage of kills by friends in the entire game.
 D = Other kills in this place as a percentage of other kills in the entire game.
 E = Experience gained in this place as a percentage of experience gained in the entire game.
 F = Experience gained in this place divided by the number of levels of this place that you have seen.
                   A       B       C       D       E      F
               +-------+-------+-------+-------+-------+----------------------
         Total | 100.0 | 100.0 |   N/A |   N/A | 100.0 | 283.6
       Dungeon | 100.0 | 100.0 |   N/A |   N/A | 100.0 | 283.6
               +-------+-------+-------+-------+-------+----------------------

Table legend: (Time is in decaauts)
 A = Elapsed time spent in this place.
 B = Non-inter-level travel time spent in this place.
 C = Inter-level travel time spent in this place.
 D = Time resting spent in this place.
 E = Time spent auto-exploring this place.
 F = Levels seen in this place.
 G = Mean time per level.
                   A        B        C        D        E       F      G
               +--------+--------+--------+--------+--------+-----+--------+
         Total |   6162 |   6092 |     70 |    654 |   4360 |   7 |  880.3 |
       Dungeon |   6162 |   6092 |     70 |    654 |   4360 |   7 |  880.3 |
               +--------+--------+--------+--------+--------+-----+--------+

Top non-repeatable levels by time:
     D:3: 1401 daAuts
     D:4: 1244 daAuts
     D:5: 1120 daAuts
     D:8: 854 daAuts
     D:1: 724 daAuts
     D:2: 688 daAuts
     D:6: 129 daAuts
